 Dungeon Crawl Stone Soup version 0.26-a0-541-g3b3d21e777 (webtiles) character file.

Game seed: 5147725168986993306

155 BeastOfSaturn the Skirmisher (level 5, -7/42 HPs)
             Began as a Demonspawn Fighter on Aug 16, 2020.
             Splashed by Ijyb's acid (16 damage)
             ... on level 3 of the Dungeon.
             The game lasted 00:04:27 (2135 turns).

BeastOfSaturn the Skirmisher (Demonspawn Fighter)   Turns: 2135, Time: 00:04:29

Health: -7/42      AC:  4    Str: 17    XL:     5   Next: 14%
Magic:  5/5        EV:  7    Int: 10    God:
Gold:   157        SH:  8    Dex: 12    Spells: 4/4 levels left

rFire    . . .     SeeInvis .   a - +0 long sword
rCold    . . .     Faith    .   c - +0 kite shield
rNeg     . . .     Spirit   .   b - +0 scale mail
rPois    .         Reflect  .   (helmet restricted)
rElec    .         Harm     .   j - +1 cloak
rCorr    .                      (no gloves)
MR       .....                  (no boots)
Stlth    ..........             (no amulet)
HPRegen  0.14/turn              (no ring)
MPRegen  0.09/turn              (no ring)

@: mighty, corroded
A: horns 2, rot immunity
a: no special abilities


You were on level 3 of the Dungeon.
You visited 1 branch of the dungeon, and saw 3 of its levels.

You collected 157 gold pieces.

Inventory:

Hand Weapons
 a - a +0 long sword (weapon)
Armour
 b - a +0 scale mail (worn)
 c - a +0 kite shield (worn)
 j - a +1 cloak (worn)
Scrolls
 e - 4 scrolls of teleportation
 f - a scroll of enchant weapon {unknown}
 g - a scroll of blinking {unknown}
 i - a scroll of identify
 l - 3 scrolls of fear {unknown}
 m - a scroll of immolation {unknown}
 o - a scroll of noise {unknown}
Potions
 h - a potion of brilliance
 k - 2 potions of degeneration
 n - a potion of invisibility {unknown}
 p - a potion of heal wounds {unknown}


   Skills:
 * Level 4.0 Fighting
 * Level 3.7 Long Blades
 - Level 2.6 Armour
 * Level 1.5 Dodging
 - Level 2.6 Shields


You had 4 spell levels left.
You didn't know any spells.
Your spell library was empty.

Dungeon Overview and Level Annotations

Branches:
Dungeon (3/15)

Altars:

Annotations:
D:3 Ijyb


Innate Abilities, Weirdness & Mutations

You have a pair of horns on your head.
You are immune to rotting.


Message History

You are too injured to fight recklessly!
Unknown command.
A kobold comes into view. It is wielding a +0 dagger.
You feel very mighty all of a sudden.
You feel better.
The kobold shouts!
You hit Ijyb.
Ijyb is lightly wounded.
Ijyb hits you but does no damage.
Your scale mail prevents you from hitting Ijyb.
Ijyb is lightly wounded.
Ijyb hits you but does no damage.
You slash Ijyb! Your headbutt misses Ijyb.
Ijyb is heavily wounded.
Ijyb screams, "Me stronger than you!"
Ijyb drinks a potion.
Ijyb is healed!
Ijyb zaps a wand.
The bolt of acid hits you!
* * * LOW HITPOINT WARNING * * *
The acid corrodes you!
You are splashed with acid!
You die...

+.#### #.... #....
####... #.....# #
#.....# # #.#...K.#
# # #.####g##.# .
#....@....# ### ####
#.#....#######.. ...
#..#######.... ..#
#......^.....# #.#
#.######.#.#.# #.#
#.# #.#.#.#####.#
#.# #.#.#.†......
#†######.#....####.#
.#####.#......>....#
#..


You could see Ijyb and a kobold.

Vanquished Creatures
  3 adders (D:2)
  4 gnolls (D:3)
  2 oozes (D:1)
  A worm (D:2)
  2 dart slugs (D:1)
  2 leopard geckos (D:1)
  2 orcs
  8 giant cockroaches
  6 goblins
  8 hobgoblins
  2 jackals (D:2)
  11 bats
  A frilled lizard (D:3)
  10 kobolds
  7 rats
69 creatures vanquished.

Notes
Turn   | Place    | Note
-------+----------+-------------------------------------------
     0 | D:1      | BeastOfSaturn the Demonspawn Fighter began the quest for
                  | the Orb.
     0 | D:1      | Reached XP level 1. HP: 18/18 MP: 1/1
   210 | D:1      | Gained mutation: You have a pair of small horns on your
                  | head. [demonic ancestry]
   210 | D:1      | Reached XP level 2. HP: 24/24 MP: 2/2
   299 | D:1      | Gained mutation: You are immune to rotting. [demonic
                  | ancestry]
   299 | D:1      | Reached XP level 3. HP: 29/29 MP: 3/3
   463 | D:1      | Reached skill level 1 in Dodging
  1134 | D:2      | Reached XP level 4. HP: 33/37 MP: 4/4
  1820 | D:3      | HP: 1/37 [gnoll/+0 whip (9)]
  1822 | D:3      | Reached skill level 4 in Fighting
  1823 | D:3      | Gained mutation: You have a pair of horns on your head.
                  | [demonic ancestry]
  1823 | D:3      | Reached XP level 5. HP: 11/42 MP: 5/5
  2126 | D:3      | Noticed Ijyb
  2135 | D:3      | Splashed by Ijyb's acid

Illustrated notes

Levels and vault maps discovered:
D:1:      lemuel_arrival_river_bridge, layout_basic, serial_bayou_pond_e
D:2:      wad_pebble_path, layout_loops_ring
D:3:      layout_basic, makhleb_grotto_becter, uniq_ijyb

Skill      XL: |  1  2  3  4 |
---------------+-------------+-----
Long Blades    | 2 3 |  3.7
Dodging        | 1 |  1.5
Fighting       | 4 |  4.0
Armour         | |  2.6
Shields        | |  2.6

Action                   |  1- 3 |  4- 6 || total
-------------------------+-------+-------++-------
Melee: Long sword        |   118 |    81 ||   199
       Headbutt          |    15 |    14 ||    29
  Use: Potion            |     2 |     4 ||     6
       Scroll            |       |     5 ||     5
Armor: Scale mail        |    62 |    44 ||   106
Dodge: Dodged            |    35 |    23 ||    58
Block: Kite shield       |    65 |    43 ||   108
       Rpst.: Long sword |     9 |     9 ||    18

Table legend: (Time is in decaauts)
 A = Elapsed time spent in this place.
 B = Non-inter-level travel time spent in this place.
 C = Inter-level travel time spent in this place.
 D = Time resting spent in this place.
 E = Time spent auto-exploring this place.
 F = Levels seen in this place.
 G = Mean time per level.
                   A        B        C        D        E       F      G
               +--------+--------+--------+--------+--------+-----+--------+
         Total |   2206 |   2181 |     25 |    226 |   1471 |   3 |  735.3 |
       Dungeon |   2206 |   2181 |     25 |    226 |   1471 |   3 |  735.3 |
               +--------+--------+--------+--------+--------+-----+--------+

Top non-repeatable levels by time:
     D:2: 1055 daAuts
     D:1: 774 daAuts
     D:3: 376 daAuts
